 Dungeon Crawl Stone Soup version 0.18-a0-824-g47fe746 (webtiles) character file.

144 JokEr the Insei (level 5, -3/36 HPs)
             Began as an Octopode Transmuter on Dec 17, 2015.
             Slain by a gnoll
             ... wielding a +0 halberd
              (10 damage)
             ... on level 2 of the Dungeon.
             The game lasted 00:06:15 (3192 turns).

JokEr the Insei (Octopode Transmuter)               Turns: 3192, Time: 00:06:15

Health: -3/36      AC:  2    Str:  9    XL:     5   Next: 27%
Magic:  7/8        EV: 12    Int: 17    God:
Gold:   144        SH:  0    Dex: 12    Spells: 1 memorised, 7 levels left

rFire  . . .     SeeInvis .       - Unarmed
rCold  . . .     Gourm    .     (no shield)
rNeg   . . .     Faith    .     j - +1 hat
rPois  .         Spirit   .     (no amulet)
rElec  .         Dismiss  .     d - ring of flight
rCorr  .         Reflect  .     (no ring)
SustAt .         Harm     .     (no ring)
MR     .....                    (no ring)
Stlth  ++........               (no ring)
                                (no ring)
                                (no ring)
                                (no ring)

@: appendage, not resistant to hostile enchantments, unstealthy
A: almost no armour, amphibious, 8 rings, constrict 8, tentacle spike 3,
camouflage 1, gelatinous body 1
a: End Transformation, Evoke Flight


You were on level 2 of the Dungeon.
You were hungry.
One of your tentacles had a temporary spike.
You visited 1 branch of the dungeon, and saw 3 of its levels.

You collected 144 gold pieces.

Inventory:

Missiles
 a - 36 arrows
Armour
 j - a +1 hat (worn)
Jewellery
 d - a ring of flight (left tentacle)
Wands
 i - a wand of magic darts (14)
Scrolls
 e - 2 scrolls of remove curse
 h - a scroll of teleportation
 l - a scroll of identify
Potions
 f - a potion of beneficial mutation {unknown}
 g - a potion of cure mutation {unknown}
 n - 2 potions of invisibility {unknown}
Books
 b - a book of Changes

   Spells                             Type                      Level
   a - Beastly Appendage              Transmutation                1
   b - Sticks to Snakes               Transmutation                2
   c - Spider Form                    Transmutation/Poison         3
   d - Ice Form                       Ice/Transmutation            4
   e - Blade Hands                    Transmutation                5
Comestibles
 c - a bread ration
 k - 2 fruits
 m - a meat ration


   Skills:
 + Level 2.8 Fighting
 - Level 2.0 Dodging
 + Level 4.3 Unarmed Combat
 - Level 2.0 Spellcasting
 + Level 3.2 Transmutations


You had 7 spell levels left.
You knew the following spells:

 Your Spells              Type           Power        Failure   Level  Hunger
a - Beastly Appendage     Trmt           ##....       6%          1    #......


Dungeon Overview and Level Annotations

Branches:
Dungeon (3/15)

Altars:
Okawaru


Innate Abilities, Weirdness & Mutations

You cannot wear most types of armour.
You are amphibious.
You can wear up to eight rings at the same time.
You can use your tentacles to constrict eight enemies at once.
Your skin changes colour to match your surroundings (Stealth).
Your rubbery body absorbs attacks (AC +1).
One of your tentacles bears a large vicious spike.


Message History

There is a stone staircase leading up here.
The gnoll completely misses you.
There is a stone staircase leading up here.
You climb upwards.
There is a stone staircase leading down here.
Casting: Beastly Appendage
Confirm with . or Enter, or press ? or * to list all spells.
One of your tentacles grows a vicious spike.
The gnoll hits you with a halberd!
You tentacle-slap the gnoll. Your grab misses the gnoll.
You pierce the gnoll, but do no damage.
You squeeze the gnoll.
The gnoll is severely wounded.
The gnoll hits you with a halberd!
* * * LOW HITPOINT WARNING * * *
You tentacle-slap the gnoll but do no damage.
You grab the gnoll.
The gnoll is severely wounded.
You constrict the gnoll, but do no damage.
The gnoll hits you with a halberd!
You die...

#...###
#...............#####
#...#
#....##########).....
#...#
#....#...............
#####
#......##############
#....### #### #....#
#... #....# #...
#..g.# #... #...@#
#### ######


You could see a gnoll.

Vanquished Creatures
  Robin (D:1)
  3 adders (D:2)
  A gnoll (D:2)
  An ooze (D:1)
  2 worms (D:2)
  2 giant geckos (D:2)
  2 orcs (D:2)
  11 bats
  3 giant cockroaches
  14 goblins
  5 hobgoblins
  4 jackals (D:1)
  A quokka (D:2)
  3 ball pythons
  2 giant newts (D:2)
  13 kobolds
  12 rats
80 creatures vanquished.

Notes
Turn   | Place    | Note
--------------------------------------------------------------
     0 | D:1      | JokEr the Octopode Transmuter began the quest for the Orb.
     0 | D:1      | Reached XP level 1. HP: 13/13 MP: 3/3
    31 | D:1      | Reached XP level 2. HP: 16/18 MP: 5/5
   676 | D:1      | Reached XP level 3. HP: 24/24 MP: 6/6
  1055 | D:2      | Noticed Robin
  1423 | D:1      | HP: 1/24 [Robin/short sword (4)]
  1427 | D:1      | Killed Robin
  1762 | D:1      | Reached XP level 4. HP: 24/29 MP: 5/7
  2249 | D:2      | Reached skill level 4 in Unarmed Combat
  2459 | D:2      | Reached XP level 5. HP: 26/35 MP: 8/8
  2463 | D:2      | Found an iron altar of Okawaru.
  3192 | D:2      | Slain by a gnoll

Vault maps used:
D:1:      ncdulo_wetmaze, hex_large
D:2:      minmay_kobold_bridge, okawaru_altar_gauntlet_db, uniq_robin
D:3:      kennysheep_goblin_castle

Action                   |  1- 3 |  4- 6 || total
-------------------------+-------+-------++-------
Melee: Unarmed           |    90 |    87 ||   177
 Cast: Beastly Appendage |     7 |     8 ||    15
  Use: Scroll            |     1 |     1 ||     2
 Stab: Sleeping          |     3 |     4 ||     7
  Eat: Chunk             |     3 |     2 ||     5
       Beef jerky        |       |     1 ||     1
